 Dungeon Crawl Stone Soup version 0.26-a0-854-gdc81c2f471 (webtiles) character file.

Game seed: 18043244080042467179

133 Gezukamaru the Insei (level 5, -3/34 HPs)
             Began as an Octopode Transmuter on Nov 22, 2020.
             Slain by an ooze (4 damage)
             ... on level 3 of the Dungeon.
             The game lasted 00:08:47 (3194 turns).

Gezukamaru the Insei (Octopode Transmuter)          Turns: 3194, Time: 00:08:48

Health: -3/34      AC:  1    Str:  9    XL:     5   Next: 16%
Magic:  9/9        EV: 14    Int: 16    God:
Gold:   226        SH:  0    Dex: 13    Spells: 5/9 levels left

rFire    . . .     SeeInvis .   a - +0 short sword
rCold    . . .     Faith    .   (no shield)
rNeg     . . .     Spirit   .   (helmet restricted)
rPois    .         Reflect  .   (no amulet)
rElec    .         Harm     .   (no ring)
rCorr    .         Rampage  .   (no ring)
MR       .....                  (no ring)
Stlth    +++.......             (no ring)
HPRegen  0.11/turn              (no ring)
MPRegen  0.11/turn              (no ring)
                                (no ring)
                                (no ring)

@: no status effects
A: almost no armour, stealthy swim, amphibious, 8 rings, constrict 8, camouflage
1, gelatinous body 1
a: no special abilities


You were on level 3 of the Dungeon.
You visited 1 branch of the dungeon, and saw 4 of its levels.

You collected 226 gold pieces.

Inventory:

Hand Weapons
 a - a +0 short sword (weapon)
Missiles
 i - 27 poisoned darts (quivered)
Jewellery
 n - an uncursed ring of magical power {unknown}
Wands
 q - a wand of disintegration (8)
Scrolls
 b - 6 scrolls of identify {unknown}
 c - a scroll of amnesia {unknown}
 d - a scroll of fog {unknown}
 g - 2 scrolls of enchant armour {unknown}
 k - 2 scrolls of fear {unknown}
 o - a scroll of immolation {unknown}
 p - 2 scrolls of remove curse {unknown}
 s - a scroll of teleportation {unknown}
Potions
 e - 2 potions of haste {unknown}
 f - 3 potions of curing {unknown}
 h - 2 potions of brilliance {unknown}
 j - a potion of heal wounds {unknown}
 l - 2 potions of lignification {unknown}
 m - 2 potions of degeneration {unknown}
 r - a potion of attraction {unknown}
 t - a potion of might {unknown}


   Skills:
 - Level 2.0 Fighting
 + Level 2.9 Dodging
 + Level 2.5 Stealth
 - Level 3.0 Unarmed Combat
 + Level 2.6 Spellcasting
 + Level 2.8 Transmutations
 + Level 1.4 Poison Magic


You had 5 spell levels left.
You knew the following spells:

 Your Spells              Type           Power        Failure   Level
a - Beastly Appendage     Tmut           ##....       6%          1
b - Spider Form           Tmut/Pois      #.........   24%         3

Your spell library contained the following spells:

 Spells                   Type           Power        Failure   Level
 Wereblood                Tmut           ##......     10%         2
 Ice Form                 Ice/Tmut       #.......     73%         4
 Blade Hands              Tmut           ##........   86%         5


Dungeon Overview and Level Annotations

Branches:
Dungeon (4/15)
 Temple: D:4-7

Altars:
Zin


Innate Abilities, Weirdness & Mutations

You cannot wear most types of armour.
You are very stealthy in the water. (Stealth+)
You are amphibious.
You can wear up to eight rings at the same time.
You can use your tentacles to constrict eight enemies at once.
Your skin changes colour to match your surroundings (Stealth+).
Your rubbery body absorbs attacks. (AC +1, EV +1)


Message History

The ooze barely misses you.
There is a stone staircase leading up here.
You hit the ooze.
The ooze is almost dead.
The gnoll hits you from afar with a +0 spear!
The ooze hits you but does no damage. The scorpion stings you.
* * * LOW HITPOINT WARNING * * *
The gnoll barely misses you. The ooze completely misses you.
You climb upwards.
There is a stone staircase leading down here.
You hit the scorpion but do no damage. Your grab misses the scorpion.
The scorpion stings you.
* * * LOW HITPOINT WARNING * * *
The ooze hits you.
* * * LOW HITPOINT WARNING * * *
The scorpion barely misses you.
You hit the scorpion but do no damage. You grab the scorpion.
You constrict the scorpion. The ooze hits you.
You die...

#...##...###..8.8......######
#...##...###...8.............
#...##....##..........#######
#.............###..#.##
#...>#...............#
#...######.........### ##
#...## #......##....## #.
#....## #..).J.##..#..## #.
#.†...# #...@s.##..##..#####.
#####.# #########............
#.### ###...###.###### #...#
##.....# #..# ###.#
#..#[..####.#
#.#####.##....###.#
##.......#...(.....#
###..#######.#.#.....##
##....## #...#......####


You could see a scorpion and an ooze.

Vanquished Creatures
  7 adders
  An ooze (D:3)
  A dart slug (D:1)
  A leopard gecko (D:3)
  4 orcs
  10 bats
  4 giant cockroaches
  2 hobgoblins
  3 jackals (D:1)
  2 quokkas
  A frilled lizard (D:1)
  11 goblins
  5 kobolds
  A leopard gecko skeleton (D:4)
  8 rats
61 creatures vanquished.

Notes
Turn   | Place    | Note
-------+----------+-------------------------------------------
     0 | D:1      | Gezukamaru the Octopode Transmuter began the quest for the
                  | Orb.
     0 | D:1      | Reached XP level 1. HP: 13/13 MP: 3/3
   255 | D:1      | Reached XP level 2. HP: 18/18 MP: 5/5
   290 | D:1      | Reached skill level 1 in Stealth
   673 | D:1      | Reached XP level 3. HP: 19/23 MP: 6/6
   680 | D:1      | Learned a level 3 spell: Spider Form
  1318 | D:2      | Reached XP level 4. HP: 19/29 MP: 7/7
  1845 | D:2      | Reached skill level 1 in Poison Magic
  2342 | D:3      | Found a glowing silver altar of Zin.
  2462 | D:3      | Found a faded altar of an unknown god.
  3065 | D:4      | Reached XP level 5. HP: 29/34 MP: 8/8
  3193 | D:3      | HP: 1/34 [ooze (3)]
  3194 | D:3      | Slain by an ooze

Illustrated notes

Levels and vault maps discovered:
D:1:      ncdulo_halloftheorcs, layout_basic, minmay_small_reverse_x
D:2:      layout_loops_ring, serial_aquarium, aquarium_bridge_square
          [aquarium_subvault_window, aquarium_subvault_bridge,
          aquarium_subvault_bridge, aquarium_subvault_wall],
          aquarium_bridge_long_separate [aquarium_subvault_bridge,
          aquarium_subvault_window, aquarium_subvault_window,
          aquarium_subvault_bridge, aquarium_subvault_window,
          aquarium_subvault_window], aquarium_window_fake, aquarium_window_1,
          aquarium_view_2c, aquarium_view_2g, aquarium_balcony_5a,
          aquarium_pool_side, serial_park_tiny_1
D:3:      minmay_evil_eye, layout_rooms, chequers_ecumenical_altar_simple_redux,
          lemuel_statue_altar
D:4:      layout_basic, minmay_joined_circles, uniq_robin

Skill      XL: |  1  2  3  4 |
---------------+-------------+-----
Stealth        | 1 2 |  2.5
Poison Magic   | 1 |  1.4
Fighting       | 2 |  2.0
Dodging        | |  2.9
Unarmed Combat | |  3.0
Spellcasting   | |  2.6
Transmutations | |  2.8

Action                   |  1- 3 |  4- 6 || total
-------------------------+-------+-------++-------
Melee: Short sword       |    61 |    75 ||   136
       Unarmed           |     4 |       ||     4
       Tentacles         |    10 |    10 ||    20
       Constrict         |    20 |    18 ||    38
       Punch             |     2 |     2 ||     4
Throw: Dart              |    12 |     8 ||    20
 Stab: Sleeping          |     2 |     8 ||    10
       Distracted        |       |     1 ||     1
Armor: Skin              |     7 |     5 ||    12
Dodge: Dodged            |    52 |    49 ||   101

Table legend: (Time is in decaauts)
 A = Elapsed time spent in this place.
 B = Non-inter-level travel time spent in this place.
 C = Inter-level travel time spent in this place.
 D = Time resting spent in this place.
 E = Time spent auto-exploring this place.
 F = Levels seen in this place.
 G = Mean time per level.
                   A        B        C        D        E       F      G
               +--------+--------+--------+--------+--------+-----+--------+
         Total |   3206 |   2966 |    240 |    255 |   2145 |   4 |  801.5 |
       Dungeon |   3206 |   2966 |    240 |    255 |   2145 |   4 |  801.5 |
               +--------+--------+--------+--------+--------+-----+--------+

Top non-repeatable levels by time:
     D:2: 1255 daAuts
     D:1: 1062 daAuts
     D:3: 618 daAuts
     D:4: 270 daAuts
